Map: Emerald City LE

Players

Dante

  • Race: Zerg Zerg
  • Spawn Location: 5:00

thePRESIDENT

  • Race: Zerg Zerg
  • Spawn Location: 5:00

OpuS - Winner!

  • Race: Protoss Protoss
  • League: Platinum
  • Spawn Location: 11:00

Sketchaphone - Winner!

  • Race: Zerg Zerg
  • League: Platinum
  • Spawn Location: 11:00

VOD

Have the link to the VOD?

Description

Time

  • Played on: Feb. 6, 2019, 8:09 p.m.
  • Length: 27:41
Show
View Real Time Build Order
Export as new Build Order

Dante Zerg 

Build Orders: Pool First 

Get SALT Encoding   

  12  0:01  Drone  
  13  0:08  Drone  
  14  0:31  Spawning Pool  
  14  0:32  Drone  
  14  0:39  Drone, Extractor  
  14  0:44  Overlord  
  14  1:03  Drone  
  15  1:18  Zergling x6  
  17  1:19  Queen  
  20  1:41  Metabolic Boost  
  20  1:45  Drone x2  
  22  2:02  Overlord  
  22  2:21  Hatchery  
  21  2:24  Drone x2  
  23  2:31  Zergling x8  
  25  2:57  Zergling x2  
  25  2:58  Zergling x2  
  26  3:01  Zergling x6  
  26  3:02  Zergling x2  
  27  3:32  Zergling x6  
  27  3:33  Zergling x4  
  31  3:34  Drone  
  31  3:35  Queen  
  31  3:40  Lair  
  34  3:45  Baneling Nest  
  31  3:52  Drone  
  31  4:13  Drone x2  
  33  4:17  Drone x2  
  33  4:21  Overlord x2  
  35  4:26  Extractor  
  35  4:29  Extractor  
  33  4:45  Spire  
  32  4:46  Zergling x4  
  32  4:47  Zergling x2  
  32  4:49  Drone x3  
  38  4:53  Baneling x2  
  38  4:55  Baneling  
  38  4:57  Drone  
  39  5:05  Drone x2  
  39  5:06  Extractor  
  40  5:18  Drone x3  
  44  5:21  Drone x2  
  45  5:36  Baneling  
  45  5:37  Baneling x2  
  45  5:38  Baneling  
  45  5:39  Baneling  
  45  5:40  Baneling  
  45  5:42  Baneling x2  
  45  5:44  Baneling  
  45  5:49  Drone x2  
  48  5:50  Drone x2  
  48  5:52  Drone  
  48  5:54  Drone  
  42  6:31  Zerg Flyer Weapons Level 1  
  40  6:33  Corruptor x4  
  40  6:36  Corruptor  
  49  7:16  Corruptor  
  49  7:18  Overlord x2  
  49  7:19  Overlord  
  51  7:36  Corruptor x2  
  51  7:37  Corruptor  
  51  7:38  Corruptor  
  51  7:40  Hatchery  
  58  7:59  Corruptor  
  58  8:00  Corruptor  
  58  8:03  Drone  
  63  8:05  Drone  
  64  8:24  Drone x3  
  64  8:25  Zerg Flyer Armor Level 1  
  67  8:38  Corruptor x3  
  71  9:11  Corruptor x2  
  71  9:12  Corruptor  
  77  9:27  Zergling x2  
  77  9:28  Zergling x4  
  77  9:29  Zergling x4  
  82  9:33  Overlord x3  
  82  9:41  Drone, Extractor  
  82  9:48  Centrifical Hooks  
  82  9:50  Queen  
  82  9:51  Drone x2  
  86  9:57  Infestation Pit  
  86  9:59  Zergling x6  
  89  10:00  Zergling x2  
  89  10:01  Drone  
  91  10:07  Drone  
  91  10:15  Baneling  
  91  10:16  Baneling x8  
  91  10:17  Baneling  
  91  10:19  Zerg Flyer Weapons Level 2  
  83  10:33  Corruptor x3  
  89  10:40  Extractor  
  89  10:42  Drone x3  
  91  10:43  Overseer  
  91  10:44  Pneumatized Carapace  
  91  10:50  Corruptor  
  91  10:53  Corruptor  
  95  11:03  Drone  
  96  11:12  Corruptor  
  96  11:18  Drone x2  
  100  11:39  Zergling x2  
  101  11:40  Zergling x4  
  101  11:42  Zergling x6  
  101  11:43  Hatchery  
  101  11:44  Overlord, Zergling x2  
  101  11:45  Overlord  
  106  12:01  Baneling  
  106  12:02  Baneling x5  
  106  12:05  Baneling  
  106  12:06  Baneling x5  
  106  12:09  Hive  
  106  12:10  Overseer  
  106  12:34  Zerg Flyer Armor Level 2  
  90  12:44  Zergling x2  
  90  12:45  Zergling x10  
  90  12:46  Zergling x4  
  90  12:47  Zergling x12  
  90  12:50  Zergling x4  
  90  12:51  Zergling x14  
  109  12:52  Zergling x2  
  109  12:53  Overlord x2  
  114  13:13  Zergling x4  
  114  13:15  Zergling x6  
  114  13:19  Mutalisk  
  119  13:20  Mutalisk  
  119  13:21  Mutalisk x3  
  119  13:22  Overlord  
  113  13:51  Mutalisk  
  113  13:52  Mutalisk x4  
  113  13:54  Mutalisk x3  
  129  13:56  Mutalisk  
  130  14:29  Hatchery  
  108  14:53  Zerg Flyer Weapons Level 3  
  108  15:06  Zergling x8  
  108  15:07  Zergling x4  
  107  15:27  Spine Crawler x2  
  95  15:30  Spine Crawler  
  95  15:33  Zergling x2  
  95  15:34  Zergling x12  
  95  15:35  Zergling x4  
  88  15:37  Zergling x6  
  88  15:38  Zergling x4  
  88  15:39  Zergling x6  
  88  15:42  Zergling x2  
  97  15:44  Overseer  
  97  15:45  Overseer  
  95  16:06  Baneling x2  
  95  16:07  Baneling x9  
  95  16:09  Baneling  
  95  16:10  Baneling x5, Mutalisk x3  
  101  16:14  Baneling x2  
  101  16:15  Baneling  
  101  16:31  Drone x3  
  70  17:24  Mutalisk x3  
  70  17:25  Mutalisk  
  70  17:26  Mutalisk x2  
  70  17:28  Mutalisk x3  
  88  18:18  Mutalisk  
  88  18:19  Mutalisk x4  
  94  18:21  Mutalisk x3  
  94  18:23  Mutalisk  
  102  18:51  Greater Spire  
  102  18:54  Mutalisk x3  
  108  19:14  Hatchery  
  107  19:23  Overseer  
  107  19:25  Queen  
  107  19:31  Queen  
  88  20:31  Zerg Flyer Armor Level 3  
  88  20:57  Brood Lord  
  88  20:58  Brood Lord x5  
  100  22:14  Hatchery  
  90  22:53  Brood Lord x4  
  97  23:46  Drone x2  
  97  23:47  Drone x9  
Show
View Real Time Build Order
Export as new Build Order

thePRESIDENT Zerg 

Build Orders: Hatch First 

Get SALT Encoding   

  12  0:01  Drone  
  13  0:11  Drone  
  14  0:18  Extractor  
  14  0:20  Drone, Extractor  
  13  0:22  Drone  
  14  0:31  Overlord  
  16  0:51  Hatchery  
  15  0:57  Drone x2  
  15  1:00  Drone  
  18  1:11  Extractor  
  18  1:18  Spawning Pool  
  16  1:20  Drone  
  16  1:22  Drone  
  19  1:32  Drone  
  19  2:06  Zergling x8  
  19  2:07  Queen  
  25  2:09  Queen  
  25  2:13  Extractor  
  26  2:16  Overlord  
  26  2:28  Zergling x2  
  27  2:33  Metabolic Boost  
  27  2:49  Drone x4  
  27  2:50  Drone  
  30  3:11  Zergling x6  
  31  3:29  Drone x4  
  31  3:30  Drone  
  31  3:33  Lair  
  35  3:46  Drone  
  35  3:47  Overlord  
  36  3:52  Spine Crawler  
  32  4:17  Evolution Chamber  
  32  4:24  Evolution Chamber  
  30  4:27  Drone x3  
  30  4:28  Overlord x2, Drone x3  
  36  4:39  Hydralisk Den  
  36  4:44  Overlord  
  36  4:45  Overlord  
  35  4:46  Zergling x6  
  35  4:47  Zergling x10  
  43  4:55  Zerg Missile Weapons Level 1  
  43  4:59  Zerg Ground Armor Level 1  
  43  5:20  Hydralisk x3  
  43  5:21  Hydralisk x2  
  49  5:27  Muscular Augments  
  52  5:30  Drone  
  52  5:31  Drone  
  54  5:51  Hydralisk x4  
  54  5:52  Hydralisk  
  60  6:17  Extractor  
  56  6:20  Drone x4, Extractor  
  56  6:21  Drone x7  
  56  6:22  Drone  
  57  6:42  Grooved Spines  
  57  6:45  Hydralisk x3  
  57  6:46  Hydralisk  
  65  6:58  Zerg Missile Weapons Level 2  
  65  7:26  Hatchery  
  64  7:34  Hydralisk x2  
  64  7:35  Overlord x3  
  68  7:51  Zerg Ground Armor Level 2  
  68  8:00  Zergling x2  
  68  8:01  Zergling x12  
  68  8:02  Zergling x2  
  76  8:19  Hydralisk x4  
  78  8:20  Hydralisk x3  
  87  8:51  Hydralisk x5  
  87  8:52  Hydralisk x3  
  87  8:55  Overlord x2  
  82  9:08  Infestation Pit  
  82  9:09  Drone  
  76  9:10  Drone x5  
  75  9:28  Hydralisk x4  
  75  9:29  Hydralisk  
  85  9:33  Queen  
  85  9:36  Drone x3  
  90  9:46  Hydralisk x3  
  96  9:57  Hive  
  96  9:59  Hydralisk x3  
  96  10:04  Drone x2  
  92  10:22  Hydralisk x3  
  92  10:23  Hydralisk x4  
  101  10:33  Drone x4  
  105  10:46  Drone  
  105  10:48  Overlord x2  
  106  10:54  Overseer  
  106  11:10  Hydralisk x2  
  106  11:11  Hydralisk x6  
  122  11:46  Hatchery  
  121  11:50  Zerg Missile Weapons Level 3  
  121  11:51  Zerg Ground Armor Level 3  
  121  12:04  Drone  
  121  12:05  Overlord x2  
  121  12:06  Overlord x4  
  122  12:11  Extractor  
  122  12:13  Extractor  
  98  12:38  Hydralisk x6  
  98  12:39  Hydralisk x4  
  67  13:07  Drone x5  
  67  13:08  Drone x7  
  65  13:39  Hydralisk x5  
  65  13:40  Hydralisk x4  
  81  13:42  Queen  
  76  13:56  Hydralisk  
  76  13:57  Hydralisk x5  
  82  14:11  Extractor  
  81  14:17  Queen  
  83  14:30  Queen  
  83  14:37  Hydralisk x6  
  83  14:38  Hydralisk x3  
  91  14:56  Overlord x4  
  67  15:18  Hydralisk x7  
  67  15:19  Hydralisk  
  84  15:35  Drone x2  
  84  15:36  Drone x3  
  86  16:17  Hydralisk x3  
  86  16:18  Hydralisk x7  
  88  16:19  Hydralisk  
  94  16:36  Hydralisk x4  
  100  17:02  Hydralisk x3  
  100  17:03  Hydralisk x2  
  98  17:17  Hydralisk x3  
  78  17:59  Hydralisk x2  
  78  18:00  Hydralisk x7  
  94  18:14  Hydralisk x3  
  96  18:36  Hydralisk x4  
  84  19:09  Hydralisk x6  
  86  19:10  Hydralisk  
  94  19:19  Hydralisk x2  
  98  19:31  Hatchery  
  87  20:15  Overseer  
  73  20:29  Hydralisk x2  
  73  20:30  Hydralisk x6  
  73  20:31  Hydralisk  
  85  21:23  Hydralisk  
  85  21:24  Hydralisk x6  
  65  22:56  Drone x5  
  65  22:57  Drone x6  
  65  22:58  Drone  
  58  24:04  Zergling x10  
  58  24:05  Zergling x2  
  38  25:26  Hatchery  
  38  25:42  Hatchery  
  17  26:55  Hatchery  
  4  27:04  Drone  
  1  27:18  Drone x2  
Show
View Real Time Build Order
Export as new Build Order

OpuS Protoss - Winner!

Build Orders:  

Get SALT Encoding   

  12  0:01  Probe  
  13  0:13  Probe  
  14  0:25  Probe  
  15  0:28  Pylon  
  15  0:46  Probe  
  15  0:48  Gateway  
  16  0:52  Gateway  
  16  0:54  Probe  
  16  1:02  Probe  
  17  1:04  Assimilator  
  18  1:17  Pylon  
  18  1:22  Probe  
  19  1:36  Cybernetics Core  
  19  1:37  Probe  
  19  1:39  Pylon  
  19  1:45  Probe  
  21  1:55  Probe  
  22  2:07  Probe  
  22  2:14  Assimilator  
  22  2:15  Probe  
  23  2:17  Zealot  
  23  2:19  Warp Gate  
  26  2:24  Probe  
  27  2:43  Probe  
  28  2:44  Zealot  
  30  2:55  Zealot, Probe  
  33  3:10  Stargate  
  33  3:11  Zealot  
  33  3:13  Zealot  
  32  3:31  Forge  
  30  3:39  Zealot x2  
  34  3:41  Gateway  
  34  3:44  Shield Battery  
  34  3:50  Shield Battery  
  34  3:53  Void Ray  
  38  4:15  Pylon  
  38  4:16  Pylon  
  38  4:26  Stargate  
  38  4:33  Zealot  
  38  4:35  Twilight Council  
  40  4:39  Phoenix  
  42  4:47  Pylon  
  42  5:04  Phoenix  
  44  5:10  Phoenix  
  46  5:26  Adept x3  
  52  5:45  Nexus  
  52  5:48  Pylon  
  52  5:58  Phoenix  
  48  6:19  Phoenix  
  44  6:40  Phoenix  
  44  6:43  Probe  
  44  6:44  Phoenix  
  44  6:45  Protoss Air Weapons Level 1  
  49  6:55  Probe  
  49  6:57  Probe  
  51  7:08  Probe  
  52  7:09  Probe  
  52  7:15  Phoenix  
  55  7:20  Probe  
  55  7:21  Probe  
  55  7:29  Charge  
  55  7:32  Probe  
  55  7:33  Probe  
  57  7:42  Zealot x2  
  61  7:44  Probe  
  61  7:48  Gateway  
  61  7:50  Gateway  
  62  7:52  Gateway  
  62  7:54  Probe  
  62  7:56  Probe  
  64  8:05  Phoenix  
  66  8:06  Probe  
  66  8:08  Probe  
  66  8:33  Void Ray  
  70  8:38  Probe x2  
  70  8:40  Assimilator  
  72  8:43  Assimilator  
  68  9:02  Void Ray  
  64  9:08  Zealot x2  
  64  9:09  Zealot x3  
  72  9:10  Probe  
  72  9:11  Probe  
  74  9:23  Probe  
  75  9:29  Zealot x3  
  81  9:42  Void Ray  
  85  9:50  Pylon  
  85  9:52  Pylon  
  85  10:08  Void Ray  
  83  10:17  Probe  
  83  10:18  Probe  
  81  10:25  Void Ray  
  81  10:27  Zealot x3  
  69  10:29  Probe  
  68  10:40  Dark Shrine  
  68  10:43  Zealot x2  
  68  10:45  Void Ray  
  76  11:02  Void Ray  
  80  11:25  Nexus  
  80  11:33  Void Ray  
  80  11:34  Stargate  
  80  11:38  Pylon  
  84  11:41  Assimilator  
  84  11:45  Assimilator  
  84  11:52  Dark Templar  
  84  11:53  Dark Templar x3  
  92  11:57  Dark Templar  
  94  12:09  Probe x2  
  96  12:17  Void Ray  
  96  12:21  Probe  
  96  12:22  Void Ray  
  81  12:43  Void Ray  
  69  12:50  Probe x2  
  69  12:51  Probe  
  68  13:00  Void Ray  
  68  13:02  Probe  
  68  13:03  Probe x2  
  75  13:12  Void Ray  
  75  13:15  Probe x3  
  75  13:19  Stargate  
  83  13:27  Probe x3  
  83  13:30  Void Ray  
  89  13:39  Probe  
  90  13:46  Zealot x4  
  90  13:47  Zealot  
  100  13:49  Void Ray  
  104  14:00  Void Ray  
  108  14:06  Gateway  
  108  14:08  Gateway  
  108  14:09  Gateway  
  108  14:13  Void Ray  
  110  14:39  Void Ray  
  110  14:43  Void Ray  
  86  14:54  Zealot x2  
  86  14:55  Zealot, Dark Templar x2  
  86  14:56  Void Ray  
  96  15:14  Dark Templar  
  96  15:15  Dark Templar x2  
  98  15:21  Void Ray  
  102  15:34  Void Ray  
  106  15:42  Fleet Beacon  
  100  16:03  Dark Templar x2  
  94  16:04  Zealot  
  96  16:15  Void Ray  
  100  16:20  Void Ray  
  104  16:33  Void Ray  
  104  16:37  Nexus  
  104  16:44  Void Ray  
  108  16:52  Protoss Air Weapons Level 2  
  108  16:53  Cybernetics Core  
  84  17:15  Dark Templar x2  
  80  17:25  Tempest  
  85  17:40  Assimilator  
  85  17:44  Assimilator  
  85  17:51  Tempest  
  86  17:59  Tempest x2  
  86  18:03  Tempest  
  101  18:13  Probe  
  102  18:23  Tempest  
  102  18:25  Probe, Dark Templar x2  
  107  18:33  Tempest x2  
  112  18:37  Probe  
  123  18:48  Tempest  
  123  18:49  Probe  
  129  19:01  Probe  
  126  19:06  Protoss Air Armor Level 1  
  126  19:13  Zealot x2, Probe  
  126  19:14  Zealot x4  
  139  19:20  Pylon  
  139  19:21  Pylon  
  139  19:23  Pylon  
  139  19:24  Pylon  
  139  19:26  Probe  
  140  19:37  Tempest  
  140  19:38  Probe  
  146  19:39  Tempest  
  146  19:42  Zealot  
  146  19:43  Zealot x3  
  157  19:50  Probe  
  96  20:01  Zealot  
  96  20:02  Dark Templar x3  
  96  20:03  Dark Templar  
  96  20:04  Dark Templar  
  92  20:12  Probe  
  92  20:13  Probe x2  
  91  20:38  Tempest x2  
  101  20:58  Zealot x3  
  101  20:59  Zealot  
  109  21:10  Probe x3  
  109  21:11  Probe  
  101  21:22  Probe  
  101  21:24  Stalker  
  101  21:25  Stalker  
  106  21:45  Carrier  
  105  22:04  Carrier  
  100  22:20  Carrier  
  90  22:56  Dark Templar x2  
  60  23:36  Nexus  
  60  23:40  Dark Templar x2  
  11  27:24  Pylon  
Show
View Real Time Build Order
Export as new Build Order

Sketchaphone Zerg - Winner!

Build Orders: Pool First 

Get SALT Encoding   

  12  0:01  Drone  
  13  0:14  Overlord  
  13  0:18  Drone  
  14  0:21  Extractor  
  14  0:24  Drone  
  15  0:34  Drone  
  16  0:38  Drone  
  17  0:52  Spawning Pool, Drone  
  17  0:55  Extractor  
  16  1:01  Drone  
  17  1:21  Hatchery  
  17  1:25  Drone  
  17  1:41  Zergling x2  
  17  1:43  Overlord  
  17  1:44  Drone  
  19  2:05  Drone  
  19  2:06  Metabolic Boost  
  19  2:08  Zergling x2  
  21  2:10  Queen  
  23  2:20  Zergling x2  
  24  2:30  Zergling x2  
  25  2:41  Drone x2  
  25  2:42  Queen  
  29  2:47  Drone  
  29  2:48  Drone  
  30  2:55  Evolution Chamber, Drone  
  29  3:05  Zergling x2  
  29  3:15  Zergling x4  
  29  3:18  Queen  
  33  3:21  Drone  
  33  3:22  Zergling x2  
  33  3:23  Zergling x2  
  33  3:25  Overlord  
  35  3:37  Drone  
  36  3:45  Drone  
  36  3:47  Drone  
  37  3:48  Zerg Ground Armor Level 1  
  37  3:52  Roach Warren, Drone x2  
  37  3:54  Overlord  
  37  3:55  Drone  
  36  4:08  Spine Crawler  
  35  4:15  Drone  
  35  4:16  Drone  
  36  4:38  Lair  
  36  4:41  Extractor  
  36  4:45  Spore Crawler x2  
  33  4:49  Spore Crawler x2  
  33  4:50  Drone x5  
  33  4:51  Overlord  
  33  4:52  Drone x3  
  39  5:05  Overlord x2, Drone  
  40  5:08  Drone x2  
  40  5:09  Drone  
  43  5:22  Drone  
  44  5:33  Evolution Chamber  
  42  5:41  Drone  
  43  5:47  Hydralisk Den  
  43  5:48  Zerg Missile Weapons Level 1  
  42  5:50  Glial Reconstitution  
  42  5:55  Drone x9  
  51  6:00  Roach x3  
  57  6:04  Roach  
  59  6:13  Roach  
  59  6:14  Roach  
  63  6:22  Zergling x2  
  63  6:23  Roach x2  
  67  6:38  Zergling x2  
  68  6:40  Overlord x2  
  68  6:41  Grooved Spines  
  68  6:52  Overlord  
  68  7:00  Hatchery  
  67  7:05  Extractor  
  67  7:07  Extractor  
  65  7:11  Hatchery  
  64  7:20  Pneumatized Carapace  
  64  7:21  Roach x2  
  64  7:22  Overlord x2  
  68  7:23  Zergling x16  
  76  7:42  Zerg Ground Armor Level 2  
  76  7:43  Infestation Pit  
  75  7:59  Overlord, Drone  
  75  8:00  Overlord  
  75  8:05  Zerg Missile Weapons Level 2  
  76  8:06  Infestation Pit  
  76  8:10  Drone x3  
  76  8:12  Queen  
  80  8:14  Overlord  
  80  8:15  Zergling x4  
  82  8:28  Hydralisk x5  
  88  8:49  Roach x3  
  88  8:50  Roach  
  88  8:51  Roach  
  88  8:54  Pathogen Glands  
  90  8:59  Hydralisk, Extractor  
  90  9:00  Extractor  
  90  9:02  Hydralisk  
  86  9:06  Hydralisk  
  82  9:13  Hydralisk  
  84  9:18  Overlord x2  
  82  9:36  Muscular Augments  
  82  9:38  Infestor  
  82  9:41  Drone x3  
  82  9:42  Drone x3  
  82  9:45  Queen  
  92  10:04  Hydralisk x3  
  92  10:05  Hydralisk  
  96  10:31  Infestor  
  96  10:32  Infestor  
  100  10:38  Zergling x22  
  100  10:39  Zergling x4  
  113  10:49  Zergling x4  
  115  10:55  Hatchery  
  114  11:01  Queen  
  111  11:28  Zerg Melee Weapons Level 1  
  111  11:30  Hive  
  111  11:31  Roach, Burrow  
  111  11:32  Roach x7  
  127  11:33  Overlord x2  
  129  12:01  Roach x4  
  129  12:03  Overlord  
  135  12:28  Overlord  
  135  12:29  Overlord  
  135  12:30  Roach x7  
  112  12:46  Zergling x18  
  115  12:51  Hydralisk x2  
  119  13:02  Roach x4  
  124  13:10  Drone  
  124  13:11  Drone  
  123  13:23  Hydralisk x4  
  123  13:24  Infestor  
  130  13:33  Zerg Ground Armor Level 3  
  120  13:35  Ultralisk Cavern, Zerg Missile Weapons Level 3  
  115  13:43  Infestor x4  
  115  13:47  Hydralisk  
  115  13:48  Hydralisk  
  105  14:01  Zergling x22  
  116  14:03  Zergling x2  
  108  14:20  Drone, Extractor  
  108  14:21  Drone  
  80  15:02  Zergling x36  
  84  15:19  Queen  
  86  15:27  Drone x9  
  86  15:28  Hatchery  
  89  15:41  Drone  
  89  15:42  Zergling x6  
  91  15:44  Chitinous Plating  
  91  15:48  Ultralisk  
  91  15:49  Extractor x2  
  91  15:52  Ultralisk  
  96  15:57  Ultralisk  
  96  16:01  Adrenal Glands  
  93  16:22  Drone  
  93  16:23  Drone x8  
  100  16:40  Drone x3  
  96  16:54  Roach x11  
  96  17:14  Zergling x28  
  104  17:17  Zergling x2  
  95  17:23  Hydralisk  
  95  17:24  Hydralisk  
  93  17:30  Hydralisk x2  
  86  17:37  Zerg Melee Weapons Level 2  
  86  17:42  Zergling x8  
  83  18:01  Hydralisk x8  
  86  18:13  Spore Crawler, Drone x3  
  86  18:14  Spore Crawler x3  
  86  18:15  Spore Crawler x2  
  86  18:17  Infestor  
  67  18:29  Infestor x2  
  66  18:51  Infestor  
  66  18:52  Infestor  
  68  19:02  Zergling x18  
  77  19:09  Queen  
  79  19:43  Hatchery  
  78  19:49  Hatchery  
  67  20:18  Hydralisk x12  
  83  20:29  Zergling x2  
  83  20:30  Zergling x4  
  75  20:35  Zergling x6  
  78  20:46  Queen  
  78  20:48  Overlord x2  
  80  20:53  Zergling x8  
  84  21:21  Queen  
  84  21:22  Zerg Melee Weapons Level 3  
  84  21:24  Extractor  
  85  21:25  Extractor  
  85  21:27  Hatchery  
  84  21:39  Spore Crawler  
  82  21:46  Zergling x16  
  90  21:50  Hatchery  
  78  22:11  Zergling x24  
  84  22:18  Drone  
  84  22:19  Drone x2  
  79  22:41  Zergling x20  
  85  22:48  Zergling x10  
  90  22:56  Zergling x10  
  74  23:29  Baneling Nest  
  61  23:44  Zergling x12  
  48  24:11  Zergling x10  
  48  24:12  Zergling x14  
  51  24:19  Zergling x6  
  52  24:25  Drone  
  46  24:35  Zergling x8  
  48  24:56  Zergling x10  
  53  25:03  Zergling x2  
  53  25:07  Zergling x2  
  54  25:15  Drone  
  54  25:16  Zergling x2  
  56  25:27  Zergling x4  
  46  26:19  Zergling x6  
  46  26:20  Zergling x12  
  54  26:31  Zergling x6  
  37  26:57  Zergling x12  
  36  27:05  Zergling x4  
  36  27:13  Drone  
Tags
 
Add a new tag
Caveats
  • Supply blocks, unpowered buildings, or Contaminate may cause inaccurate times.
  • Supply counts are checked every 10 seconds.